[Event "Czech Open-Rapid 2022"]
[Site "Pardubice"]
[Date "2022.07.21"]
[Round "5.4"]
[White "Babula, Vlastimil sr"]
[Black "Akesson, Ralf"]
[Result "0-1"]
[ECO "D85"]
[WhiteElo "2556"]
[BlackElo "2427"]
[Annotator "TA"]
[PlyCount "114"]
[EventDate "2022.07.20"]
[EventType "swiss"]
[EventCountry "CZE"]
[SourceTitle "playchess.com"]
[Source "ChessBase"]
[SourceQuality "1"]
[TimeControl "1200+10"]

1. d4 Nf6 2. c4 g6 3. Nc3 d5 4. cxd5 Nxd5 5. Bd2 Bg7 6. e4 Nb6 7. Be3 O-O 8. Bb5 {[%emt 0:00:26] is the new trend. D85: Exchange Grünfeld: Unusual White 7th moves and lines with 7 Nf3.} Be6 9. Nge2 Bc4 10. O-O {[%emt 0:00:55] [#] White is slightly better.} Bxb5 $146 ({Predecessor:} 10... c6 11. Bxc4 Nxc4 12. Bg5 h6 13. Bh4 g5 14. Bg3 Nxb2 15. Qb3 Qb6 16. Qc2 Nc4 {1-0 (47) Ernst,S (2478)-Ondersteijn,N (2289) Hilversum 2006}) 11. Nxb5 N8d7 12. f4 c6 13. Na3 e6 14. Ng3 Qe7 (14... f5 {feels hotter.} 15. Qb3 Nf6 16. Nc2 Ng4) 15. Rc1 {[%emt 0:01:57] Inhibits c5.} f5 16. Qb3 Kh8 17. e5 Nd5 18. Nc4 N7b6 19. Nd6 Nc8 20. Nc4 Ncb6 21. Na5 (21. Nd6 $11) 21... Rab8 ({Black should play} 21... g5 $1 $15 22. Nh5 Bh6) 22. Ne2 $11 Qb4 23. Qxb4 Nxb4 24. Bd2 N4d5 (24... Nxa2 $2 25. Ra1 $18) 25. Nb3 Rfe8 26. Nc5 Bf8 27. Nd3 Red8 28. b3 Kg8 29. a4 Na8 30. Kf2 Rd7 31. Ng1 Nac7 32. Nf3 Be7 33. h3 Kf7 34. g4 Rdd8 35. Ke2 h6 36. Nb2 Ba3 37. Rc2 Bxb2 38. Rxb2 Rd7 39. Rc2 Rg8 40. Ne1 Ne7 41. Be3 Ncd5 42. Bg1 {[%emt 0:00:07] Black continues to play with concentration.} (42. Bd2 $11) 42... fxg4 $17 43. hxg4 h5 44. Nf3 (44. g5 $17) 44... Nxf4+ ({Better is} 44... hxg4 $19 45. Ng5+ Ke8 46. Nxe6 Nf5) 45. Ke3 (45. Kd2 $17 Ned5 46. Ng5+ Ke7 47. Ne4) 45... Ned5+ $19 46. Ke4 g5 47. gxh5 (47. Be3 {was necessary.}) 47... Ke8 {[%emt 0:00:08] Threatens to win with ...g4.} 48. Rh2 $2 (48. h6 {is a better defense.} Rh7 49. Rh2) 48... Rh7 (48... g4 $142 49. Nd2 g3) 49. h6 g4 50. Nd2 {[%emt 0:00:11] [#]} Rf8 {[%emt 0:01:08] And now ...g3 would win. Chess con chili.} ({And not} 50... g3 51. Rh4 Ne2 52. Re1 Nec3+ 53. Kd3 $17) 51. Rhf2 $2 (51. Bf2 {was worth a try.}) 51... Nc3+ {[%emt 0:00:29] Pair of Knights!} 52. Ke3 Nfd5+ 53. Kd3 Rxf2 54. Rxf2 Rxh6 {[%emt 0:00:02] White must now prevent ...Rh3+.} 55. Kc4 $2 (55. Rh2 Rxh2 56. Bxh2) 55... b6 (55... Rh1 $142 56. Rf1 g3) 56. Rg2 {[%emt 0:00:01] [#]} (56. Rh2 $19 Rh3 57. Rxh3 gxh3 58. Bh2) 56... Rh3 57. Rxg4 Nd1 {[%emt 0:00:05] Weighted Error Value: White=0.55/Black=0.23 (precise)} 0-1

[Event "Czech Open-Rapid 2022"]
[Site "Pardubice"]
[Date "2022.07.21"]
[Round "5.5"]
[White "Rasik, Vitezslav"]
[Black "Plat, Vojtech"]
[Result "1/2-1/2"]
[ECO "B07"]
[WhiteElo "2419"]
[BlackElo "2554"]
[Annotator "TA"]
[PlyCount "35"]
[EventDate "2022.07.20"]
[EventType "swiss"]
[EventCountry "CZE"]
[SourceTitle "playchess.com"]
[Source "ChessBase"]
[SourceQuality "1"]
[TimeControl "1200+10"]

1. e4 d6 2. d4 Nf6 3. Nc3 e5 4. f3 exd4 (4... Nbd7 5. Be3 c6 6. Qd2 Be7 7. g4 Qa5 8. O-O-O b5 9. Kb1 Nb6 10. b3 b4 11. Nce2 c5 12. dxe5 dxe5 13. Ng3 O-O 14. g5 Ne8 15. h4 Nd6 16. h5 {0-1 (68) Rasik,V (2446)-Plat,V (2458) Olomouc 2015}) 5. Qxd4 Nc6 6. Bb5 {[%emt 0:00:10] B07: Pirc Defence: Miscellaneous Systems.} Bd7 (6... Be7 $5 ) 7. Bxc6 bxc6 8. Nge2 Be7 9. O-O O-O {[%emt 0:00:02] [#]} 10. b3 $146 ({Predecessor:} 10. Ng3 Re8 11. Bd2 Qb8 12. Qd3 d5 13. b3 Qb6+ 14. Kh1 dxe4 15. Ngxe4 Rad8 16. Be3 {½-½ (26) Kubicki,M (2143)-Lubczynski,R (2361) Krakow 2005}) 10... d5 {[%emt 0:01:21] [#]} (10... a5 $11) 11. exd5 ({Better is} 11. e5 $1 $16 ) 11... cxd5 $11 12. Nxd5 Nxd5 13. Qxd5 Bf6 {[%emt 0:00:02] Against Bb2} 14. Rb1 Re8 15. Ng3 c6 16. Qc5 Be7 17. Qc3 {[%emt 0:01:31] White is more active.} Bf6 18. Qc5 {[%emt 0:00:01] Weighted Error Value: White=0.15 (very precise) /Black=0.21 (precise)} (18. Qd3 $14) 1/2-1/2

[Event "Czech Open-Rapid 2022"]
[Site "Pardubice"]
[Date "2022.07.21"]
[Round "5.6"]
[White "Luch, Michal"]
[Black "Freisler, Pavel"]
[Result "1/2-1/2"]
[ECO "E37"]
[WhiteElo "2375"]
[BlackElo "2256"]
[Annotator "TA"]
[PlyCount "142"]
[EventDate "2022.07.20"]
[EventType "swiss"]
[EventCountry "CZE"]
[SourceTitle "playchess.com"]
[Source "ChessBase"]
[SourceQuality "1"]
[TimeControl "1200+10"]

1. d4 Nf6 2. c4 e6 3. Nc3 Bb4 4. Qc2 d5 5. a3 Bxc3+ 6. Qxc3 Ne4 7. Qc2 c5 8. dxc5 Nc6 9. e3 Qa5+ 10. Bd2 Nxd2 11. Qxd2 dxc4 {[%emt 0:00:10] E37: Nimzo-Indian: Classical: 4...d5 5 a3 Bxc3+ 6 Qxc3 Ne4.} 12. Bxc4 {[%emt 0:00:05] Threatening b4.} Qxc5 13. Rc1 Qe7 14. Nf3 O-O 15. O-O Rd8 16. Qc2 Bd7 {[%emt 0:00:11] [#]} 17. Ba2 $146 ({Predecessor:} 17. Qe4 Be8 18. b4 a6 19. h3 {½-½ (19) Martinovic,S (2564)-Palac,M (2557) Tuzla 2019}) 17... Rac8 18. Qe4 {[%emt 0:00:18] Prevents Nd4.} Qf6 19. Rc2 e5 {[%emt 0:01:07] Threatens to win with ...Bf5.} 20. g4 {[%emt 0:00:55] Prevents Bf5.} Be6 {[%emt 0:04:16] Inhibits Bd5.} (20... Nd4 $11 21. Rxc8 (21. Nxd4 exd4 22. Rxc8 Bxc8 $11) 21... Nxf3+ 22. Qxf3 Rxc8 23. Qxf6 gxf6) 21. Bxe6 $14 Qxe6 ({Don't take} 21... fxe6 22. Rc5 $16) 22. Rfc1 (22. Ng5 $5 Qg6 23. Qxg6 hxg6 24. Rfc1 $11) 22... Qd5 23. Ng5 g6 (23... h6 $14 24. Qxd5 Rxd5) 24. Qxd5 $16 Rxd5 25. Ne4 {[%emt 0:00:01] Nf6+ is the strong threat.} Kg7 {[%emt 0:01:32] Against Nf6} 26. Nc5 ({White should play} 26. g5 $16) 26... Rb8 (26... Rc7 $11) 27. b4 Nd8 28. Kf1 Kf8 29. Ne4 {[%emt 0:01:15] White is more active.} Ke7 {[%emt 0:00:56] Prevents Nf6.} (29... Ne6 $14) 30. Ke2 (30. Rc7+ $16 Rd7 31. R7c5) 30... Ne6 $11 31. Nc5 (31. g5 {keeps more tension.} Rh8 32. Rc8 Rdd8 33. Rxd8 Rxd8 34. h4) 31... Nxc5 32. Rxc5 Rxc5 33. Rxc5 {[%emt 0:00:02][%mdl 4096] Endgame KR-KR} Kd6 34. Kd3 b6 35. Rc1 f5 36. gxf5 gxf5 37. Rg1 Rb7 {Prevents Rg7.} 38. Rg5 e4+ 39. Kd4 Ke6 40. Rh5 (40. Kc3 $11 {remains equal.}) 40... Rd7+ $17 41. Kc4 Rd2 $1 42. Rxh7 Rxf2 43. Rxa7 {[%emt 0:00:20] [#]} (43. a4 $15) 43... Re2 $2 (43... Rc2+ $1 $17 44. Kd4 Rd2+ 45. Kc4 Rd3) 44. Rb7 Rxe3 45. Rxb6+ Ke5 46. a4 (46. Rb8 $1 $11 {and White has nothing to worry.}) 46... Ra3 $19 47. a5 {[%emt 0:00:08] [#]} e3 $1 {[%emt 0:00:01] aiming for ...e2.} 48. Rb8 Ke4 49. Re8+ Kf3 50. Kb5 $2 (50. b5 Ra4+ 51. Kd5 (51. Kd3 $2 Re4 $19) 51... Rxa5 52. Kc6) 50... e2 51. a6 Kf2 52. h4 e1=Q 53. Rxe1 Kxe1 {[%emt 0:00:01] KR-K3P} 54. h5 f4 55. h6 f3 56. h7 f2 57. h8=Q f1=Q+ 58. Kc5 Qf2+ 59. Qd4 Rc3+ 60. Kd5 Qf7+ 61. Ke5 Qc7+ 62. Kd5 Qc6+ 63. Ke5 Qc7+ 64. Kd5 Rc6 $2 (64... Qd7+ {mates} 65. Ke5 Qb5+ 66. Kf6 Rc6+ 67. Ke7 Rc7+ 68. Kf6 Rc6+ 69. Ke7 Rc7+ 70. Kf6 Rc6+) 65. Qe5+ $11 {[%emt 0:00:36] The position is equal.} Qxe5+ 66. Kxe5 Rxa6 {[%emt 0:00:03] ( -> ...Rb6). KR-KP} 67. Kd5 Kd2 68. b5 Rh6 69. Kc5 Kc3 70. b6 Kb3 71. b7 Rh8 {[%emt 0:00:02] And White is the lucky defender.  Weighted Error Value: White=0.48/Black=0.21 (precise)} 1/2-1/2

[Event "Czech Open-Rapid 2022"]
[Site "Pardubice"]
[Date "2022.07.21"]
[Round "5.8"]
[White "Jirovsky, Milos"]
[Black "Aradhya, Garg"]
[Result "1/2-1/2"]
[ECO "A09"]
[WhiteElo "2458"]
[BlackElo "2229"]
[Annotator "TA"]
[PlyCount "103"]
[EventDate "2022.07.20"]
[EventType "swiss"]
[EventCountry "CZE"]
[SourceTitle "playchess.com"]
[Source "ChessBase"]
[SourceQuality "1"]
[TimeControl "1200+10"]

1. Nf3 d5 2. c4 d4 3. b4 c5 4. bxc5 Nc6 5. g3 e5 6. d3 {[%emt 0:00:01] A09: Réti Opening: 1 Nf3 d5 2 c4.} Bxc5 7. Bg2 Nf6 8. O-O O-O 9. Ba3 Bxa3 10. Nxa3 e4 {[%emt 0:00:01] [#]} (10... Bf5 $11) 11. dxe4 $146 ({Predecessor:} 11. Ne1 Re8 12. Qa4 e3 13. f3 h5 14. Qb5 Re5 15. Qb2 h4 16. f4 Rh5 17. Nf3 hxg3 18. hxg3 {1-0 (41) Bogumil,T (2182)-Baches Garcia,G (2329) Chess.com INT 2020}) 11... Nxe4 {[%emt 0:00:02] [#]} 12. Nb5 $1 Nc3 13. Qd2 Re8 14. Rfe1 Ne4 15. Qb2 Qb6 {[%emt 0:00:50] [#] White must now prevent ...a6.} 16. Rab1 $1 ({Of course not} 16. Nfxd4 a6 $11) 16... Nc3 17. Nxc3 Qxb2 18. Rxb2 dxc3 19. Rc2 Be6 20. Rxc3 Rad8 21. Ng5 Rd2 22. Bxc6 bxc6 23. Nxe6 Rxe6 {[%emt 0:00:24][%mdl 4096] Endgame KRR-KRR} 24. Ra3 Re7 25. Kf1 Rc2 26. Ra4 h5 27. e3 Rd7 {[%emt 0:00:01] The position is equal.} 28. Kg2 Rdd2 29. Rf1 Rxa2 30. Rxa2 Rxa2 $11 {[%emt 0:00:02] KR-KR} 31. Rd1 Rc2 32. Rd8+ Kh7 33. Rd7 f6 34. Rxa7 Rxc4 35. h4 c5 36. Rc7 Rc2 37. Kf3 f5 38. Rc6 g6 39. Kf4 {[%emt 0:00:39] Threatens to win with Kg5.} Rxf2+ 40. Kg5 {[%emt 0:00:01] Strongly threatening Rc7+.} Rf3 41. Rc7+ {[%emt 0:00:01][%mdl 64] Deflection} Kg8 42. Kxg6 Rxg3+ 43. Kxh5 Rxe3 44. Rxc5 Rg3 45. Rxf5 Rg7 46. Rg5 Rxg5+ 47. hxg5 {[%emt 0:00:02][%cal Bh4g5,Bg5g6,Bg6g7][%mdl 32] White wants to mate with Kg6. KP-K} Kh7 48. g6+ Kg7 49. Kg5 Kg8 50. Kf6 {[%emt 0:00:01] g7 would kill now.} Kf8 51. g7+ Kg8 52. Kg6 {Weighted Error Value: White=0.03 (flawless) /Black=0.06 (flawless)} 1/2-1/2

[Event "Czech Open-Rapid 2022"]
[Site "Pardubice"]
[Date "2022.07.21"]
[Round "5.9"]
[White "Stocek, Jiri"]
[Black "Bertram, Karsten"]
[Result "1-0"]
[ECO "A25"]
[WhiteElo "2548"]
[BlackElo "2062"]
[Annotator "TA"]
[PlyCount "28"]
[EventDate "2022.07.20"]
[EventType "swiss"]
[EventCountry "CZE"]
[SourceTitle "playchess.com"]
[Source "ChessBase"]
[SourceQuality "1"]
[TimeControl "1200+10"]

1. c4 e5 2. Nc3 Nc6 3. e3 d6 4. Nf3 Bg4 5. h3 {[%emt 0:00:29] [#]} Bf5 $146 ({Predecessor:} 5... Bh5 6. Be2 Bg6 7. d4 e4 8. Nd2 f5 9. g4 Nf6 10. Nf1 h5 11. gxf5 Bxf5 12. Ng3 {0-1 (43) Bischoff,K (2519)-Blatny,P (2420) Austria 2013}) 6. d4 {[%emt 0:00:52] A25: English Opening vs King's Indian with ...Nc6 but without early d3.} exd4 7. exd4 Qd7 (7... Be7 $142) 8. Be3 {[%emt 0:00:27] White is clearly better.} Nf6 9. d5 Nb4 10. Nd4 {[%emt 0:02:02] Prevents Nc2+.} Bg6 (10... c5 $142 11. Nxf5 Qxf5) 11. a3 $18 Na6 12. c5 Nxd5 $2 {[%emt 0:01:53] [#]} (12... Nb8 {was called for.} 13. Qf3 (13. Bb5 c6 $16) 13... a6) 13. c6 bxc6 14. Nxd5 ({Less strong is} 14. Bxa6 Nxe3 15. fxe3 Rb8 $18) 14... Nc5 {[%emt 0:00:13] Black got outplayed after the opening.  Weighted Error Value: White=0.02 (flawless) /Black=0.66} 1-0

[Event "Czech Open-Rapid 2022"]
[Site "Pardubice"]
[Date "2022.07.21"]
[Round "5.10"]
[White "Neuman, Petr"]
[Black "Mojzis, Jaroslav"]
[Result "1-0"]
[ECO "E32"]
[WhiteElo "2378"]
[BlackElo "2108"]
[Annotator "TA"]
[PlyCount "113"]
[EventDate "2022.07.20"]
[EventType "swiss"]
[EventCountry "CZE"]
[SourceTitle "playchess.com"]
[Source "ChessBase"]
[SourceQuality "1"]
[TimeControl "1200+10"]

1. d4 Nf6 2. c4 e6 3. Nc3 Bb4 4. Qc2 d6 5. a3 Bxc3+ 6. Qxc3 Nbd7 7. b4 O-O 8. Bb2 e5 9. e3 Re8 10. Nf3 Qe7 11. Be2 b6 12. O-O Bb7 13. d5 {[%emt 0:00:02] E32: Nimzo-Indian: Classical (4 Qc2): 4...0-0.} a5 {[%emt 0:02:11] [#]} 14. Nd2 $146 ({Predecessor:} 14. Rfd1 Ra7 {0-1 (14) Zamora,S (1842)-Fineboim,I (2077) LSS email 2010}) 14... axb4 15. axb4 {[%emt 0:00:01] White is better.} Rxa1 16. Rxa1 Ra8 17. Rxa8+ Bxa8 18. e4 Bb7 19. f3 Qd8 20. Qa3 Qa8 21. Qxa8+ Bxa8 22. Nb1 Kf8 23. Nc3 Ke7 24. Nb5 Kd8 25. Bd1 {[%emt 0:00:01] White is more active.} Bb7 26. Ba4 Ba6 27. Kf2 Bxb5 28. Bxb5 $16 {[%emt 0:00:01][%mdl 4096] Endgame KBB-KNN} Ke7 29. Bc1 h6 30. Be3 g5 {[%emt 0:00:24] [#]} (30... Nf8 $142) 31. Ba4 (31. h4 $142 $1) 31... Nh5 32. g3 Nhf6 33. Ke2 Nh7 34. Kd3 f6 35. Bd1 Nhf8 36. Be2 Ng6 37. Bf1 Ngf8 38. Bh3 Kd8 (38... Ng6 $16 {might work better.} 39. Bf5 Nh8) 39. Bf5 $18 Nb8 40. c5 bxc5 41. bxc5 {[%emt 0:00:01] [#] aiming for c6.} dxc5 (41... Nfd7 $142 42. c6 Nb6) 42. Bxc5 Nfd7 43. Ba3 h5 $2 (43... Nb6 44. Bf8 h5) 44. h4 c6 (44... gxh4 $142 45. gxh4 c6) 45. Bg6 (45. g4 $142) 45... cxd5 46. exd5 Nb6 47. d6 gxh4 48. gxh4 Nd5 {[%emt 0:00:07] ...Nf4+ is the strong threat.} 49. Ke4 Nf4 50. Kf5 Ng2 51. Kxf6 Nxh4 52. Bxh5 Nc6 (52... Nd7+ $142 53. Kf7 Nf5) 53. Bc5 {[%emt 0:00:42] Threatens to win with Bg4.} Nd4 54. Bg4 {[%emt 0:00:08] White mates.} Nc6 55. Bb6+ Ke8 56. d7+ Kf8 57. d8=Q+ {[%emt 0:00:09] Weighted Error Value: White=0.16 (very precise) /Black=0.41} (57. Be6 $142 Ng6 58. Bc5+ Nge7 59. Bxe7+ Nxe7 60. d8=Q#) 1-0

[Event "Czech Open-Rapid 2022"]
[Site "Pardubice"]
[Date "2022.07.21"]
[Round "5.11"]
[White "Michelle Catherina, P."]
[Black "Dobrowolski, Piotr"]
[Result "0-1"]
[ECO "B62"]
[WhiteElo "2141"]
[BlackElo "2423"]
[Annotator "TA"]
[PlyCount "68"]
[EventDate "2022.07.20"]
[EventType "swiss"]
[EventCountry "CZE"]
[SourceTitle "playchess.com"]
[Source "ChessBase"]
[SourceQuality "1"]
[TimeControl "1200+10"]

1. e4 c5 2. Nf3 Nc6 3. d4 cxd4 4. Nxd4 Nf6 5. Nc3 d6 6. Bg5 e6 7. Qd3 Be7 {[%emt 0:00:22] 7...Bd7 is becoming the main line. B62: Sicilian: Richter-Rauzer: 6...e6: Unusual White 7th moves.} 8. O-O-O a6 9. Nxc6 bxc6 {[%emt 0:00:02] White is slightly better.} 10. Qg3 {[%emt 0:00:45] aiming for e5.} e5 11. Be2 O-O {[%emt 0:01:18][%cal Of6h5] [#]} 12. f4 $146 {[%emt 0:00:30][%mdl 2048] White is pushing.} ({Predecessor:} 12. h4 Ne8 13. Kb1 Rb8 14. b3 Be6 15. Bc1 a5 16. h5 Rb4 17. h6 g6 18. f4 exf4 19. Qxf4 {1-0 (50) Dimov,D (2422)-Duchardt,A (2290) ICCF email 2015}) 12... Qa5 ({Better is} 12... Ne8 $14) 13. Rhf1 (13. fxe5 $1 $16 Qxe5 14. Bf4) 13... Kh8 {[%emt 0:01:40] [#]} ({Black should play} 13... exf4 $14 14. Bxf4 Ne8) 14. fxe5 $1 $16 dxe5 {[%emt 0:01:01] [#]} (14... Qxe5 $16 {was worth a try.} 15. Bf4 Qe6) 15. Qh4 $1 $18 {[%emt 0:01:36][%cal Rf1f6] Hoping for Rxf6.} Rb8 16. Rxf6 ({Stronger than} 16. Bxf6 gxf6 17. Bc4 Qc5 $11) 16... Rxb2 $2 (16... Qb4) 17. Rxc6 (17. Kxb2 $2 {leads to mate.} Ba3+ 18. Kb1 Qb4+ 19. Ka1 Qb2#) 17... Ba3 (17... Bxg5+ $142 18. Qxg5 Qa3) 18. Be7 $4 (18. Rd5 $18 {avoids the disaster.} Rb6+ 19. Kd2) 18... Rb6+ $19 {[%emt 0:00:27][%cal Bb2b6,Bb6c6,Bc6c7][%mdl 96] Discovered Attack} 19. Bxa3 Qxa3+ 20. Kd2 Rxc6 21. Nd5 Be6 22. Bd3 Qxa2 ({Avoid the trap} 22... Bxd5 $2 23. exd5 Rh6 24. Qe1 $19) 23. Ne7 Rc7 24. Rf1 (24. Nf5 $142 Bxf5 25. exf5) 24... Re8 25. Nd5 Bxd5 26. exd5 e4 27. Bxe4 h6 (27... Qa5+ $142 28. Kd1 Qa1+ 29. Kd2 Qd4+ 30. Kc1 Qe3+ 31. Kd1 Rxe4 32. Qd8+ Re8 33. Qxc7 Qe2+ 34. Kc1 Qxf1+ 35. Kb2 Qb5+ 36. Kc3 Qxd5) 28. d6 Qa5+ 29. Kd1 Qa1+ 30. Kd2 Qd4+ 31. Kc1 Qxd6 (31... Qe3+ $142 32. Kb1 Rc4 33. Bb7 Rxh4 34. g4 Rb8 35. Rxf7 Rxg4 36. Rc7 Rb4+ 37. Ka2 Qc1 38. Rc8+ Rxc8 39. Bxc8 Qb2#) 32. Rd1 Qa3+ {[%emt 0:00:06] Black mates.} 33. Kd2 Qc3+ 34. Ke2 Qxc2+ {[%emt 0:00:04] Never resign too early!  Weighted Error Value: White=1.25/Black=0.72} 0-1

[Event "Czech Open-Rapid 2022"]
[Site "Pardubice"]
[Date "2022.07.21"]
[Round "5.12"]
[White "Blatny, Pavel"]
[Black "Valenta, Vit Vaclav"]
[Result "1-0"]
[ECO "A01"]
[WhiteElo "2325"]
[BlackElo "1996"]
[Annotator "TA"]
[PlyCount "91"]
[EventDate "2022.07.20"]
[EventType "swiss"]
[EventCountry "CZE"]
[SourceTitle "playchess.com"]
[Source "ChessBase"]
[SourceQuality "1"]
[TimeControl "1200+10"]

1. b3 Nf6 2. Bb2 g6 3. g4 h6 4. Bg2 Bg7 5. h4 d5 6. f3 (6. g5 $15 hxg5 7. hxg5 Rxh1 8. Bxh1) 6... Qd6 7. Kf1 {[%emt 0:00:08] [#]} (7. Nc3 $17 {might work better.}) 7... O-O (7... Nh5 $1 $19 8. Bxg7 Nxg7) 8. c4 $2 {[%emt 0:01:24] [#]} (8. Qc1 $17) 8... dxc4 (8... Ne4 $142 $1 9. c5 Qg3 $1 10. fxe4 Bxb2) 9. bxc4 $2 {[%emt 0:00:31] [#]} (9. Nc3 {is a better defense.}) 9... Qb6 $2 (9... Ne4 $1 $19 {[%mdl 512] has better winning chances.} 10. Bxg7 Ng3+ 11. Ke1 Nxh1 12. Bxh1 Kxg7) 10. Qb3 Nbd7 (10... Rd8 $17 {White must now prevent ...Nc6.} 11. Bc3 Nc6) 11. Nc3 $1 $15 c6 (11... Nc5 $5 12. Qc2 Rd8 $15) 12. Nh3 (12. Rb1 $1 $15) 12... e5 (12... Nc5 $17 13. Qa3 Nfd7) 13. d3 (13. Nf2 {with more complications.} e4 14. Na4 Qa5 15. d4) 13... Nc5 $36 {[%emt 0:01:48][%mdl 2048] Black has some pressure.} 14. Qxb6 (14. Qa3 $11) 14... axb6 $17 15. Nf2 {[%emt 0:00:27] Against e4} Be6 (15... e4 $1 $17 {aiming for ...exd3.} 16. dxe4 Be6) 16. Kg1 Nfd7 17. Kh2 {[%emt 0:00:26] [#]} ({White should play} 17. Rb1 $15) 17... f5 $1 18. gxf5 gxf5 19. Bh3 Bf6 20. Rhg1+ Kh7 21. h5 Bg5 22. Bc1 (22. Ncd1 $142) 22... Rg8 (22... Nb3 $142 23. Bxg5 Nxa1) 23. e4 (23. Rb1 $142) 23... f4 {[%emt 0:01:52] Threatens to win with ...Bxh3.} 24. Bxe6 Nxe6 25. Ng4 $2 (25. Ne2 $17) 25... Nd4 26. Rf1 Bh4 27. Kh3 Be7 28. Rb1 Rg5 29. Kg2 Rag8 30. Rg1 Bc5 ({Don't go for} 30... Rxh5 $2 31. Na4 $19) 31. Na4 {[%emt 0:00:23] [#]} Nxf3 $1 32. Nxc5 Nxg1 33. Nxd7 Rxg4+ 34. Kf1 Nf3 (34... Nh3 $142 {( -> ...Rg1+)} 35. Nf6+ Kh8 36. Nxg4 Rxg4) 35. Nf6+ $19 Kh8 {[%emt 0:00:02] Hoping for ...Rg1+.} 36. Nxg4 Rxg4 37. Rxb6 {[%emt 0:00:09][%mdl 4096] Endgame [#] KRB-KRN} Nh2+ $1 38. Kf2 f3 39. Rb2 (39. Bxh6 {is a self mate.} Rg2+ 40. Ke1 f2+ 41. Kd2 f1=Q+ 42. Kc3 Qe1+) 39... Kg7 $2 (39... b5 $19 {And now ...Rg2+ would win.} 40. a4 (40. cxb5 $2 cxb5 41. a4 Rg2+ 42. Ke1 Ng4 $19) 40... Rg2+ 41. Ke1 Ng4) 40. Rxb7+ Kf6 41. Rb2 $1 (41. Bxh6 {leads to mate.} Rg2+ 42. Ke1 f2+ 43. Kd2 f1=Q+ 44. Kc3 Qe1+) 41... Rg2+ $2 (41... Ke6 $11 {and Black stays safe.}) 42. Ke3 $18 Rxb2 (42... Rg1) 43. Bxb2 Kg5 44. Kf2 (44. a4 $142 Ng4+ 45. Kxf3) 44... Kg4 45. a4 Kxh5 46. a5 {[%emt 0:00:13] Weighted Error Value: White=0.40/Black=0.70} 1-0

[Event "Czech Open-Rapid 2022"]
[Site "Pardubice"]
[Date "2022.07.21"]
[Round "5.13"]
[White "Mladek, Richard"]
[Black "Mierins, Emils Janis"]
[Result "1-0"]
[ECO "A58"]
[WhiteElo "2330"]
[BlackElo "2042"]
[Annotator "TA"]
[PlyCount "161"]
[EventDate "2022.07.20"]
[EventType "swiss"]
[EventCountry "CZE"]
[SourceTitle "playchess.com"]
[Source "ChessBase"]
[SourceQuality "1"]
[TimeControl "1200+10"]

1. d4 Nf6 2. c4 c5 3. d5 b5 4. cxb5 a6 5. bxa6 g6 (5... e6 $1 $11) 6. Nc3 $14 {[%emt 0:00:00][%cal Oa6a7] A58: Benko/Volga Gambit: Lines with 5 bxa6.} Bg7 7. e4 Qa5 (7... O-O $14) 8. Bd2 ({Reject} 8. e5 $6 Ne4 $11) (8. a7 $1 $16 Rxa7 9. Bd2) 8... Bxa6 (8... O-O $14) 9. Be2 (9. e5 $18) 9... O-O 10. Nf3 Bxe2 11. Qxe2 Qa6 12. Qxa6 (12. a4 $14) 12... Nxa6 $11 13. Ke2 Rfb8 14. Rab1 {[%emt 0:02:35] [#]} Rb4 $146 (14... Nc7 $11) ({Predecessor:} 14... d6 15. a3 Rb3 16. Kd3 Rab8 17. Kc2 Nd7 18. Rhe1 c4 19. Be3 Ndc5 20. Bxc5 Nxc5 {½-½ (63) Shimelkov,V (2159)-Neiksans,A (2574) Chess.com INT 2022}) 15. a3 $14 Rb3 16. Rhc1 Rab8 17. Rc2 d6 18. Be1 (18. Bg5 $14) 18... Nd7 $11 (18... Ne8 {with more complications.} 19. Kd3 f5 20. exf5 gxf5 21. Nd2 R3b7) 19. Nd2 Bxc3 {[%emt 0:02:58][%mdl 64] Pin} 20. Nxb3 Bxe1 21. Nxc5 $1 Naxc5 22. Kxe1 (22. Rxe1 $11 Nxe4 23. Kd1) 22... Nxe4 $17 23. b4 Nb6 24. Rc7 (24. Rd1 $17) 24... Nxd5 $19 25. Ra7 Nec3 26. Rb2 Kf8 27. f3 Nb6 28. Rc2 Nb5 29. Ra6 Nd5 30. Kd2 (30. Kf2 {is a better defense.}) 30... Ke8 31. Ra5 Nbc7 32. Rb2 Kd7 33. Rc2 Ra8 {[%emt 0:01:20] Prevents Ra7.} 34. Rxa8 Nxa8 35. Rc1 Nab6 36. Kc2 Kc6 (36... Nf4 $19 37. g3 Ne2) 37. Kb3+ $17 Kb5 38. Rd1 (38. Re1 $17 {was necessary.}) 38... Nc7 (38... Ne3 $19 39. Rd2 d5 40. a4+ Nxa4) 39. Rc1 Ncd5 (39... Ne6 $1 $17 40. Rd1 f6) 40. Rd1 $19 Nc7 $2 (40... Ne3 $19 41. Rd2 d5 42. a4+ Nxa4) 41. Ra1 ({Only move:} 41. Rc1 $1 $11 Ne6 42. Rd1) 41... Na4 42. Rc1 Nd5 (42... Ne6 $17 {Strongly threatening ...Nd4+.} 43. Rd1 Nb6) 43. Rc8 $1 $11 Nab6 44. Rh8 h5 45. Rb8 Kc6 46. a4 Kc7 47. Rf8 f6 48. a5 Nd7 49. Rg8 g5 50. Kc4 Ne3+ 51. Kb5 Nc2 52. Rg7 Nd4+ 53. Kc4 Nc6 54. Rh7 h4 (54... Nde5+ $15 55. Kb3 h4) 55. Kb5 $2 (55. f4 $1 $11 {and White stays safe.}) 55... Nd4+ $2 ({Better is} 55... d5 $19 {And now ...d4 would win.} 56. Ka4 d4) 56. Ka4 Nf5 57. b5 Nc5+ 58. Kb4 Nd3+ 59. Kc4 Nc5 60. g4 hxg3 $1 61. hxg3 Ne3+ 62. Kd4 Nf5+ (62... Nc2+ $1 $11 63. Kc3 Na3) 63. Kc3 $16 Nxg3 $2 (63... Nd7 $16) 64. Rxe7+ $18 Kb8 65. Kc4 Nf5 66. Rh7 {[%emt 0:00:02] aiming for Kd5.} Ne3+ (66... g4 {was called for.} 67. fxg4 Ne3+ 68. Kd4 Nxg4) 67. Kd4 Nc2+ 68. Kd5 {[%emt 0:00:10] Threatens to win with Rh2.} Nb4+ {[%emt 0:00:03] [#]} 69. Kxd6 $2 ({White must play} 69. Kc4 $1 $18 Nc2 70. a6 Ne3+ 71. Kd4 Nc2+ 72. Kc3) 69... Nb7+ $11 70. Ke6 {[%emt 0:00:11] Hoping for a6.} Nxa5 71. Kxf6 Nc4 72. Kxg5 Nd6 73. b6 Nc8 74. f4 Nd5 75. b7 Nce7 76. f5 {[%emt 0:00:05][%cal Oh7e7] White threatens Rxe7! and mate.} Nxf5 $2 77. Kxf5 {[%emt 0:00:06] White mates.} Nc7 {[%emt 0:00:01] [#]} 78. Ke5 $1 Na6 79. Kd5 Nb4+ 80. Kc5 Nc2 81. Kb6 {[%emt 0:00:03] Both players deserved the win here.  Weighted Error Value: White=0.30/Black=0.25 (precise)} 1-0